 Dungeon Crawl Stone Soup version 0.23-a0-655-g3751e1c (webtiles) character file.

354 Lanoc the Shield-Bearer (level 6, 0/48 HPs)
             Began as a Formicid Fighter on Jan 7, 2019.
             Slain by Pikel
             ... wielding a +2 whip of freezing
              (4 damage)
             ... on level 4 of the Dungeon.
             The game lasted 00:03:51 (2228 turns).

Lanoc the Shield-Bearer (Formicid Fighter)          Turns: 2228, Time: 00:03:52

Health: 0/48       AC:  9    Str: 22    XL:     6   Next: 94%
Magic:  6/6        EV:  9    Int:  8    God:
Gold:   141        SH: 10    Dex: 14    Spells: 5/5 levels left

rFire    + . .     SeeInvis +   a - +0 long sword
rCold    . . .     Gourm    .   c - +0 shield
rNeg     . . .     Faith    .   b - +0 scale mail
rPois    .         Spirit   .   (helmet unavailable)
rElec    .         Reflect  .   (no cloak)
rCorr    .         Harm     .   (no gloves)
MR       .....                  (no boots)
Stlth    ..........             (no amulet)
HPRegen  0.16/turn              g - ring of protection from fire
MPRegen  0.10/turn              (no ring)

@: lethally poisoned (0 -> -1)
A: permanent stasis, dig shafts and tunnels, four strong arms, antennae 3,
iridescent scales 1, agile 2
a: Dig, Shaft Self


You were on level 4 of the Dungeon.
You were hungry.

You visited 1 branch of the dungeon, and saw 4 of its levels.

You collected 141 gold pieces.

Inventory:

Hand Weapons
 a - a +0 long sword (weapon)
Armour
 b - a +0 scale mail (worn)
 c - a +0 shield (worn)
Jewellery
 g - a ring of protection from fire (left hand)
Scrolls
 h - 2 scrolls of magic mapping {unknown}
 i - 2 scrolls of noise {unknown}
 j - 6 scrolls of identify {unknown}
 l - 3 scrolls of enchant weapon {unknown}
 m - a scroll of fog {unknown}
 n - 2 scrolls of amnesia {unknown}
 o - 3 scrolls of remove curse {unknown}
 r - a scroll of teleportation {unknown}
 s - a scroll of immolation {unknown}
Potions
 d - a potion of might
Comestibles
 f - 10 rations


   Skills:
 + Level 4.3 Fighting
 * Level 4.3 Long Blades
 + Level 4.3 Armour
 + Level 2.0 Dodging
 + Level 4.8 Shields


You had 5 spell levels left.
You didn't know any spells.
Your spell library was empty.

Dungeon Overview and Level Annotations

Branches:
Dungeon (4/15)
 Temple: D:4-7

Altars:
Makhleb
The Shining One

Annotations:
D:4 Grinder, Pikel


Innate Abilities, Weirdness & Mutations

You cannot be hasted, slowed, berserked, paralysed or teleported.
You can dig through walls and to a lower floor.
Your four strong arms can wield two-handed weapons with a shield.
You have a pair of large antennae on your head. (SInv)
You are partially covered in iridescent scales. (AC +2)
You are very agile. (Dex +4)


Message History

It was a potion of agility.
You feel agile all of a sudden.
You feel sick. You block Pikel's attack.
You hit Pikel.
Pikel is heavily wounded.
You block Pikel's attack.
Grinder blinks!
Pikel hits you with a +2 whip of freezing.
* * * LOW HITPOINT WARNING * * *
Pikel freezes you.
* * * LOW HITPOINT WARNING * * *
It was a potion of cancellation.
Your magical effects are unravelling.
You feel magically purged.
You feel a little less mighty now.
You feel a little less agile now.
You feel sick. Pikel hits you but does no damage.
It was a potion of mutation.
You feel extremely strange.
You feel agile. x2
Iridescent scales grow over part of your body.
Pikel hits you with a +2 whip of freezing.
You die...

a.. .# .. ##.
{##{###.[ { p{{.#.#
#..#.# #..#.# #..
..###(.)p#####....#
.......§ppK@..)#
..####..s####### #
#...{...# .#
#.###.#.###### #.#
#. #........###..##
#. #####...........
#. ###.#....... #.
#.........
##..#####


You could see Pikel, 3 slaves and a scorpion.

Vanquished Creatures
  Sigmund (D:2)
  A scorpion (D:4)
  Terence (D:2)
  An orc wizard (D:3)
  3 adders
  An ooze (D:1)
  2 worms
  2 leopard geckos
  3 orcs (D:3)
  8 bats
  5 giant cockroaches
  12 goblins
  5 hobgoblins
  9 kobolds
  2 quokkas (D:2)
  5 frilled lizards
  3 rats
64 creatures vanquished.

Notes
Turn   | Place    | Note
-------+----------+-------------------------------------------
     0 | D:1      | Lanoc the Formicid Fighter began the quest for the Orb.
     0 | D:1      | Reached XP level 1. HP: 18/18 MP: 1/1
   196 | D:1      | Reached XP level 2. HP: 24/24 MP: 2/2
   253 | D:1      | Reached XP level 3. HP: 29/29 MP: 3/3
   829 | D:2      | Noticed Terence
   831 | D:2      | Killed Terence
   831 | D:2      | Reached skill level 1 in Dodging
   831 | D:2      | Reached XP level 4. HP: 36/36 MP: 4/4
   972 | D:2      | Found a glowing golden altar of the Shining One.
  1328 | D:2      | Reached XP level 5. HP: 42/42 MP: 5/5
  1376 | D:2      | Noticed Sigmund
  1390 | D:2      | Killed Sigmund
  1390 | D:2      | Reached XP level 6. HP: 48/48 MP: 6/6
  1744 | D:3      | Found a burning altar of Makhleb.
  2200 | D:4      | Noticed a slave
  2205 | D:4      | Noticed Pikel
  2206 | D:4      | Noticed Grinder
  2208 | D:4      | Noticed a slave
  2209 | D:4      | Noticed a slave
  2215 | D:4      | Noticed a slave
  2228 | D:4      | Gained mutation: You are agile. (Dex +2) [potion of
                  | mutation]
  2228 | D:4      | Gained mutation: You are very agile. (Dex +4) [potion of
                  | mutation]
  2228 | D:4      | Gained mutation: You are partially covered in iridescent
                  | scales. (AC +2) [potion of mutation]
  2228 | D:4      | Slain by Pikel

Vault maps used:
D:1:      beargit_arrival_greenhouse
D:2:      nicolae_tso_carved_into_rock, uniq_sigmund, uniq_terence
D:3:      demons_altar, minmay_misc_feat_roman
D:4:      kennysheep_generic_room_11, uniq_grinder, uniq_pikel

Skill      XL: |  1  2  3  4  5  6 |
---------------+-------------------+-----
Dodging        | 1 2 |  2.0
Shields        | 4 |  4.8
Long Blades    | 3 4 |  4.3
Fighting       | 4 |  4.3
Armour         | 4 |  4.3

Action                   |  1- 3 |  4- 6 || total
-------------------------+-------+-------++-------
Melee: Long sword        |    59 |   162 ||   221
  Use: Potion            |       |     4 ||     4
  Eat: Chunk             |       |     4 ||     4
Armor: Scale mail        |    19 |    34 ||    53
Dodge: Dodged            |    20 |    56 ||    76
Block: Shield            |    29 |    93 ||   122
       Rpst.: Long sword |     6 |    14 ||    20

Table legend:
 A = Non-vault XP
 B = Vault XP
 C = Vault XP percentage of total XP
 D = Non-vault monster count
 E = Vault monster count
 F = Vault count percentage of total count
                 A         B        C        D         E       F
            +---------+---------+-------+---------+---------+-------
      Total |     258 |     248 |  49.0 |      62 |       2 |   3.1
            +---------+---------+-------+---------+---------+-------
        D:1 |      48 |       0 |   0.0 |      24 |       0 |   0.0
        D:2 |      62 |     248 |  80.0 |      22 |       2 |   8.3
        D:3 |      76 |       0 |   0.0 |      15 |       0 |   0.0
        D:4 |      72 |       0 |   0.0 |       1 |       0 |   0.0
            +---------+---------+-------+---------+---------+-------
